 Dungeon Crawl Stone Soup version 0.31.0-2-g5a2aebc5c2 (webtiles) character file.

Game seed: 12507909691375521084

5682 Daunt the Grappler (level 10, -2/69 HPs)
             Began as a Barachi Shapeshifter on Jan 21, 2024.
             Was a Follower of Hepliaklqana.
             Splashed by a brown ugly thing's acid (7 damage)
             ... on level 8 of the Dungeon.
             The game lasted 00:32:54 (9595 turns).

Daunt the Grappler (Barachi Shapeshifter)           Turns: 9595, Time: 00:32:55

Health: -2/69      AC:  3    Str: 21    XL:     10   Next: 75%
Magic:  10/10      EV: 17    Int: 10    God:    Hepliaklqana [*.....]
Gold:   501        SH:  0    Dex: 11    Spells: 9/9 levels left

rFire   . .          .
                       - Unarmed
rCold   . . .        (shield currently unavailable)
rNeg    . . .        r - melded +1 chain mail {rC+}
rPois   .            C - +0 helmet
rElec   .            (no cloak)
rCorr   .            k - +0 pair of gloves
SInv    +            K - +0 pair of boots
Will    .....        w - amulet of the acrobat
Stlth   +            B - ring of see invisible
HPRegen 0.31/turn    (no ring)
MPRegen 0.12/turn

%: acrobat
@: about to teleport, flux-form, unable to hop, glowing, slow
A: glow, contaminating, reduced essence, amphibious, slowness 1, strong legs 1,
+LOS
a: Hop, Begin Untransformation, Renounce Religion, Recall Ancestor, Ancestor
Identity


You were on level 8 of the Dungeon.
You worshipped Hepliaklqana.
Hepliaklqana was aware of your devotion.
You were something dangerously unstable.
You visited 1 branch of the dungeon, and saw 9 of its levels.

You collected 501 gold pieces.

Inventory:

Missiles
 e - 69 stones
 s - 10 poisoned darts (quivered)
 u - 3 boomerangs
 y - 4 javelins
 D - 5 curare-tipped darts
 I - a throwing net
Armour
 k - a +0 pair of gloves (worn)
 m - a +2 robe of fire resistance
 r - a +1 chain mail of cold resistance (melded)
 C - a +0 helmet (worn)
 E - a +4 ring mail of cold resistance
 K - a +0 pair of boots (worn)
Jewellery
 n - an amulet of reflection
 w - an amulet of the acrobat (around neck)
 B - a ring of see invisible (left hand)
Talismans
 c - a beast talisman
 d - a flux talisman (active)
 N - a granite talisman
Wands
 i - a wand of mindburst (21)
 j - a wand of charming (5)
 H - a wand of light (5)
 L - a wand of roots (12)
Scrolls
 g - 2 scrolls of enchant armour
 h - 3 scrolls of poison
 p - a scroll of butterflies
 q - 3 scrolls of teleportation
 t - a scroll of revelation
 v - a scroll of blinking
 G - a scroll of enchant weapon {unknown}
 M - a scroll of brand weapon {unknown}
Potions
 a - 3 potions of attraction
 b - 3 potions of lignification
 f - 3 potions of mutation
 l - 2 potions of magic
 o - a potion of berserk rage
 x - a potion of invisibility
 z - a potion of brilliance
 A - 2 potions of curing
 F - a potion of heal wounds
 J - a potion of resistance


   Skills:
 + Level 6.4 Fighting
 + Level 5.4 Dodging
 + Level 1.7 Stealth
 + Level 13.3 Unarmed Combat
 - Level 4.0 Evocations
 - Level 7.0 Shapeshifting


You had 9 spell levels left.
You didn't know any spells.
Your spell library contained the following spells:

 Spells                   Type           Power      Damage    Failure   Level
 Foxfire                  Conj/Fire      0%         2x1d4     36%         1
 Shock                    Conj/Air       0%         1d3       36%         1
 Sublimation of Blood     Necr           0%         N/A       50%         2
 Swiftness                Air            0%         N/A       75%         3
 Tukima's Dance           Hex            0%         N/A       75%         3
 Airstrike                Air            0%         2d(0-16)  98%         4
 Passage of Golubria      Tloc           0%         N/A       98%         4
 Petrify                  Alch/Erth      0%         N/A       98%         4
 Irradiate                Conj/Alch      0%         3d11      100%        5
 Yara's Violent Unravell  Hex/Alch       0%         3d3       100%        5
 Plasma Beam              Fire/Air       0%         2x1d10    100%        6
 Starburst                Conj/Fire      0%         6d3       100%        6
 Haunt                    Necr/Summ      0%         N/A       100%        7
 Borgnjor's Revivificati  Necr           0%         N/A       100%        8
 Death's Door             Necr           0%         N/A       100%        9


Dungeon Overview and Level Annotations

Branches:
Dungeon (9/15)             Temple (0/1) D:6
   Lair: D:8-11         Orc: D:9-12

Altars:
Elyvilon
Fedhas
Hepliaklqana
Kikubaaqudgha
Okawaru
Trog
Uskayaw
Vehumet
Yredelemnul

Shops:
D:3 =   D:8 [

Annotations:
D:3 exclusion: oklob plant
D:5 1 runed translucent door, Crazy Yiuf


Innate Abilities, Weirdness & Mutations

You are something dangerously unstable.
You glow with magical radiation, making you easy to see and hit.
Foes you strike become dangerously contaminated with magical radiation.
You are incapable of wielding weapons or throwing items.
Your life essence is reduced to manifest your ancestor. (-10% HP)
You are amphibious.
You cover ground slowly.
You can hop short distances.
You have an extended range of vision and can be seen from far away.


Message History

a +0 war axe; a +0 plate armour; an orc corpse Done exploring.
You swap places.
Ancestor HP restored.
The brown ugly thing gurgles horribly!
You completely miss the brown ugly thing.
The brown ugly thing stings you!
You are splashed with acid.
Nefertari hits the brown ugly thing.
You are too injured to fight recklessly!
You are too injured to fight recklessly!
You swap places.
The brown ugly thing barely misses you.
Nefertari barely misses the brown ugly thing.
Unknown command.
Unknown command.
The brown ugly thing attacks as it pursues you!
The brown ugly thing completely misses you.
Nefertari closely misses the brown ugly thing.
Unknown command.
Unknown command.
Hop to where?
Press: ? - help, Dir - move target Boing!
Unknown command.
There is a stone staircase leading up here.
You hit the brown ugly thing but do no damage.
The brown ugly thing begins to glow.
The brown ugly thing is lightly wounded.
The brown ugly thing stings you.
You are splashed with acid!
* * * LOW HITPOINT WARNING * * *
Unknown command.
Unknown command.
Unknown command.
Unknown command.
Unknown command.
As you read the scroll of teleportation, it crumbles to dust.
You feel strangely unstable.
Nefertari hits the brown ugly thing.
The brown ugly thing stings you!
* * * LOW HITPOINT WARNING * * *
You are splashed with acid!
You die...

######## ######## #.......
#......# ##### #.###### #.####.#
###...# #.# #.# #.# #.....# #.#
##.# #.# ##.#...####.#####
##.####.########p..#......#....#
..........)....u###.######.###.#
........######.R#
#.........##.## .#.##...#
##.###.###...#......
.#.##...########...##
#.#...##### .#.##.............##
#.##.###### .#.##.#.###########
#.##....... .#......##########
#.######### .####.#..........#
#.#


You could see the friendly Nefertari the ancestor and a brown ugly thing
(contam, ally target).

Vanquished Creatures
  A two-headed ogre (D:8)
  Pikel (D:4)
  A manticore (D:8)
  Joseph (D:8)
  Maggie (D:6)
  A hornet (D:8)
  Grinder (D:6)
  A wyvern (D:8)
  Edmund (D:6)
  Duvessa (D:4)
  2 black bears
  3 orc warriors
  An ice beast (D:6)
  A sky beast (D:8)
  A black bear (shapeshifter) (D:8)
  2 ogres (D:6)
  A phantom (D:5)
  A kobold brigand (D:7)
  A bullfrog (D:7)
  Blork the orc (D:5)
  A scorpion (D:5)
  8 wights
  Dowan (D:4)
  2 howler monkeys (D:7)
  3 orc priests
  A hound (D:6)
  2 bombardier beetles
  A gnoll bouda (D:6)
  3 jellies (D:6)
  A sleepcap (D:7)
  An iguana (D:4)
  5 orc wizards
  10 adders
  19 gnolls
  5 dart slugs
  19 orcs
  6 endoplasms
  4 giant cockroaches
  10 goblins
  4 hobgoblins
  3 quokkas
  8 ball pythons
  5 bats
  2 frilled lizards
  14 kobolds
  5 rats
167 creatures vanquished.

Vanquished Creatures (collateral kills)
  A cyclops (D:8)
1 creature vanquished.

Vanquished Creatures (others)
  3 ancestors (D:8)
3 creatures vanquished.

Grand Total: 171 creatures vanquished

Notes
Turn   | Place    | Note
-------+----------+-------------------------------------------
     0 | D:1      | Daunt the Barachi Shapeshifter began the quest for the Orb.
     0 | D:1      | Reached XP level 1. HP: 15/15 MP: 1/1
    51 | D:1      | Reached XP level 2. HP: 19/23 MP: 2/2
   413 | D:1      | Reached XP level 3. HP: 29/29 MP: 3/3
   953 | D:2      | Reached XP level 4. HP: 25/38 MP: 4/4
  1317 | D:3      | Reached skill level 5 in Fighting
  1477 | D:3      | Found a bloodstained altar of Trog.
  1542 | D:3      | Reached XP level 5. HP: 15/45 MP: 5/5
  1706 | D:3      | Found Ackiacop's Jewellery Emporium.
  1799 | D:3      | Found an ancient bone altar of Kikubaaqudgha.
  1944 | D:3      | Found a blossoming altar of Fedhas.
  1960 | D:3      | Noticed an oklob plant
  2525 | D:4      | Reached skill level 4 in Unarmed Combat
  2735 | D:4      | Reached XP level 6. HP: 40/52 MP: 6/6
  2816 | D:4      | Reached skill level 5 in Unarmed Combat
  3533 | D:4      | Found a radiant altar of Vehumet.
  3689 | D:5      | Entered Level 5 of the Dungeon
  3728 | D:5      | Noticed Pikel
  3728 | D:5      | Noticed Duvessa
  3765 | D:4      | Killed Pikel
  3766 | D:4      | Reached skill level 7 in Unarmed Combat
  3766 | D:4      | Reached XP level 7. HP: 37/58 MP: 7/7
  3861 | D:5      | Noticed Dowan
  4024 | D:4      | Killed Duvessa
  4025 | D:4      | Reached skill level 5 in Shapeshifting
  4025 | D:4      | Reached XP level 8. HP: 63/64 MP: 8/8
  4029 | D:4      | Killed Dowan
  4322 | D:5      | Found an iron altar of Okawaru.
  4911 | D:5      | Found a runed translucent door.
  4912 | D:5      | Noticed Crazy Yiuf
  4958 | D:6      | Noticed Maggie
  4958 | D:6      | Noticed Edmund
  5283 | D:6      | Reached skill level 8 in Unarmed Combat
  5467 | D:6      | Noticed Blork the orc
  5513 | D:5      | Killed Blork the orc
  5600 | D:6      | Reached XP level 9. HP: 57/69 MP: 9/9
  5618 | D:6      | Found a hazy altar of Hepliaklqana.
  5622 | D:6      | Became a worshipper of Hepliaklqana the Forgotten
  5633 | D:6      | Noticed Grinder
  5710 | D:6      | Found a staircase to the Ecumenical Temple.
  5718 | D:6      | Killed Maggie
  5719 | D:6      | Reached skill level 5 in Dodging
  5719 | D:6      | Reached skill level 9 in Unarmed Combat
  5929 | D:6      | Killed Grinder
  5959 | D:6      | Found a basalt altar of Yredelemnul.
  6060 | D:6      | Killed Edmund
  6061 | D:6      | Reached skill level 10 in Unarmed Combat
  6218 | D:6      | Found a hide-covered altar of Uskayaw.
  6221 | D:6      | Noticed a +0 hand axe
  6221 | D:6      | Noticed a +0 hand axe
  6617 | D:6      | Reached skill level 1 in Evocations
  7467 | D:7      | Found a white marble altar of Elyvilon.
  7595 | D:7      | Reached skill level 11 in Unarmed Combat
  7760 | D:7      | Reached * piety under Hepliaklqana
  7783 | D:7      | Reached XP level 10. HP: 60/68 MP: 10/10
  8159 | D:8      | Noticed a two-headed ogre
  8219 | D:8      | Found Veikaqonn's Antique Armour Boutique.
  8295 | D:8      | Noticed Joseph
  8308 | D:8      | Killed Joseph
  8504 | D:8      | Killed a two-headed ogre
  8505 | D:8      | Reached skill level 12 in Unarmed Combat
  8639 | D:8      | Noticed a manticore
  8639 | D:8      | Noticed a cyclops
  8704 | D:8      | Paralysed by a hornet for 1 turns
  8758 | D:8      | Noticed a brown ugly thing
  8899 | D:8      | Killed a manticore
  8900 | D:8      | Reached skill level 13 in Unarmed Combat
  9225 | D:8      | Killed a cyclops
  9226 | D:8      | Reached skill level 1 in Stealth
  9517 | D:9      | Noticed a cyclops
  9595 | D:8      | Splashed by a brown ugly thing's acid

Illustrated notes

Levels and vault maps discovered:
D:1:      amcnicky_arrival_choice, layout_basic, minmay_tetromino_o4
D:2:      layout_basic
D:3:      layout_rooms, nicolae_kikubaaqudgha_miasma_corner,
          amcnicky_altar_gilded, tgw_fedhas, serial_shops,
          nicolae_shop_back_alley_shop, ebering_dispersal_statue_hall,
          minmay_checkerbox
D:4:      layout_layer_cave, lemuel_crystal_altar
D:5:      layout_loops_corners, mainiacjoe_overflow_small_starburst,
          uniq_crazy_yiuf_cottage, uniq_duvessa, uniq_pikel
D:6:      layout_loops_corners, nicolae_overflow_crystal_walls,
          dancing_weapons_uskayaw, mainiacjoe_overflow_tiny_flanked,
          minmay_temple_entry_crystal_x, nicolae_tricolors, uniq_maggie,
          uniq_blork_the_orc, uniq_grinder, uniq_edmund
D:7:      layout_basic, lemuel_doored_altar
D:8:      layout_loops_ring, serial_shops, shop, kb_rosetta, uniq_joseph
D:9:      lemuel_ice_spiral_2, layout_irregular_city, kennysheep_mini,
          mainiacjoe_overflow_brackets, mainiacjoe_overflow_alcove_2,
          serial_shops, nicolae_shop_crystal, lemuel_flamethrower_1, uniq_harold

Skill      XL: |  1  2  3  4  5  6  7  8  9 10 |
---------------+-------------------------------+-----
Fighting       | 2 3 4 5 6 |  6.4
Unarmed Combat | 4 7 8 11 13 | 13.3
Shapeshifting  | 4 5 7 |  7.0
Dodging        | 4 5 |  5.4
Evocations     | 4 |  4.0
Stealth        | 1 |  1.7

Action                     |  1- 3 |  4- 6 |  7- 9 | 10-12 || total
---------------------------+-------+-------+-------+-------++-------
  Melee: Unarmed           |    86 |   166 |   281 |    85 ||   618
         Punch             |     1 |     3 |     4 |       ||     8
  Throw: Dart              |       |     5 |     2 |       ||     7
         Stone             |       |       |    17 |       ||    17
 Invoke: Recall Ancestor   |       |       |       |     1 ||     1
Ability: Hop               |       |     1 |     3 |     1 ||     5
    Use: Potion            |     1 |     1 |       |       ||     2
         Scroll            |       |     7 |     9 |     3 ||    19
   Stab: Sleeping          |     1 |     1 |       |       ||     2
 Armour: Animal skin       |    34 |    40 |       |       ||    74
         Skin              |     1 |     2 |    84 |    37 ||   124
         Chain mail        |       |    55 |    46 |       ||   101
  Dodge: Dodged            |    44 |    67 |   175 |    63 ||   349
  Block: Other             |       |    26 |       |       ||    26
   Form: Flux              |       |       |     1 |       ||     1
